 Dungeon Crawl Stone Soup version 0.22-a0-480-g991dd4b (webtiles) character file.

19016 KillYourself the Severer (level 12, -14/106 HPs)
             Began as a Minotaur Fighter on June 16, 2018.
             Was the Champion of Makhleb.
             Killed from afar by an iron dragon (53 damage)
             ... with a spray of metal splinters
             ... on level 12 of the Dungeon.
             The game lasted 00:49:29 (10084 turns).

KillYourself the Severer (Minotaur Fighter)        Turns: 10084, Time: 00:49:30

Health: -14/106    AC: 23    Str: 25    XL:     12   Next: 32%
Magic:  12/12      EV:  7    Int:  5    God:    Makhleb [******]
Gold:   365        SH: 13    Dex: 17    Spells: 11/11 levels left

rFire    + . .     SeeInvis .   a - +2 war axe (venom)
rCold    . . .     Gourm    .   c - +0 shield
rNeg     . . .     Faith    +   k - +2 plate armour
rPois    .         Spirit   .   (helmet unavailable)
rElec    .         Reflect  .   e - scarf {repulsion}
rCorr    .         Harm     .   r - +2 pair of gloves {Dex+3}
MR       .....                  i - +0 pair of boots
Stlth    ..........             z - amulet of faith
HPRegen  0.27/turn              x - +3 ring of dexterity
MPRegen  0.13/turn              H - +1 ring of protection

@: repel missiles
A: retaliatory headbutt, horns 3, fire resistance 1, shaggy fur 1, wild magic 1,
sturdy frame 1
a: Minor Destruction, Lesser Servant of Makhleb, Major Destruction, Greater
Servant of Makhleb, Renounce Religion


You were on level 12 of the Dungeon.
You worshipped Makhleb.
Makhleb was exalted by your worship.
You were not hungry.

You visited 2 branches of the dungeon, and saw 13 of its levels.

You collected 754 gold pieces.
You spent 389 gold pieces at shops.

Inventory:

Hand Weapons
 a - a +2 war axe of venom (weapon)
 o - a +3 quarterstaff of chaos
Armour
 b - a +0 scale mail
 c - a +0 shield (worn)
 e - a scarf of repulsion (worn)
 i - a +0 pair of boots (worn)
 j - a +2 ring mail of cold resistance
 k - a +2 plate armour (worn)
 r - a +2 pair of gloves of dexterity (worn)
Jewellery
 p - an uncursed ring of protection from cold {unknown}
 q - an uncursed ring of wizardry
 x - a +3 ring of dexterity (left hand)
 y - an uncursed ring of fire
 z - an amulet of faith (around neck)
 C - an uncursed amulet of harm
 F - a cursed ring of loudness
 H - a +1 ring of protection (right hand)
 M - a +2 ring of evasion {unknown}
 N - an uncursed ring of flight {unknown}
Wands
 l - a wand of flame (18)
 n - a wand of iceblast (8)
 t - a wand of enslavement (5)
 D - a wand of polymorph (1)
 E - a wand of clouds (3)
 O - a wand of random effects (24)
 Q - a wand of paralysis (17)
Scrolls
 h - 12 scrolls of remove curse
 m - 7 scrolls of teleportation
 v - a scroll of brand weapon
 w - 3 scrolls of immolation
 J - a scroll of fear
 K - a scroll of amnesia
Potions
 d - 3 potions of might
 g - 5 potions of curing
 s - a potion of haste
 u - a potion of flight
 A - a potion of lignification
 B - a potion of agility
 G - 3 potions of heal wounds
 I - a potion of resistance
Comestibles
 f - 18 rations
 L - 4 chunks of flesh


   Skills:
 + Level 10.0 Fighting
 * Level 17.3 Axes
 + Level 9.2 Armour
 - Level 0.9 Dodging
 + Level 0.3 Stealth
 + Level 10.3 Shields
 - Level 1.6 Unarmed Combat
 + Level 1.4 Invocations


You had 11 spell levels left.
You didn't know any spells.
Your spell library contained the following spells:

 Spells                   Type           Power        Failure   Level  Hunger
 Confuse                  Hex            #.......     100%        3    ####...
 Tukima's Dance           Hex            #.......     100%        3    ####...
 Statue Form              Tmut/Erth      #........    100%        6    #######
 Dragon Form              Tmut           #.........   100%        7    #######
 Ensorcelled Hibernation  Hex/Ice        #.....       100%        2    ###....
 Corona                   Hex            #......      100%        1    ##.....
 Dazzling Spray           Conj/Hex       #.....       100%        3    ####...
 Hydra Form               Tmut           #.........   100%        6    #######
 Irradiate                Conj/Tmut      #.........   100%        5    ######.


Dungeon Overview and Level Annotations

Branches:
Dungeon (12/15)            Temple (1/1) D:7            Lair (0/6) D:11
    Orc (0/2) D:12

Altars:
Ashenzari
Cheibriados
Dithmenos
Elyvilon
Fedhas
Gozag
Hepliaklqana
Kikubaaqudgha
Makhleb
Nemelex Xobeh
Okawaru
Qazlal
Ru
Sif Muna
Trog
Uskayaw
Vehumet
Wu Jian
Xom
Yredelemnul
Zin
The Shining One

Shops:
D:4 ?   D:9 *


Innate Abilities, Weirdness & Mutations

You reflexively headbutt those who attack you in melee.
You have a pair of large horns on your head.
Your flesh is heat resistant. (rF+)
You are covered in fur. (AC +1)
Your spells are a little harder to cast, but a little more powerful.
Your movements are slightly less encumbered by armour. (ER -2)


Message History

The spray of metal splinters hits you!
You slash the iron dragon! You headbutt the iron dragon.
The iron dragon is moderately wounded.
You slice the iron dragon!!
The iron dragon is moderately wounded.
The iron dragon bites you! You block the iron dragon's attack.
The iron dragon tramples you!
You stumble backwards!
A demon appears!
The iron dragon bites you but does no damage.
The iron dragon claws you but does no damage.
The iron dragon completely misses you.
Your balrug gestures at the iron dragon.
The iron dragon is smitten.
You see here an arrow.
There is a large open door here.
You see here an arrow.
The iron dragon breathes metal splinters at you.
The spray of metal splinters hits you!
Ouch! That really hurt!
You die...

...# #.#.........#..........'..
...# #.#...).....#..........#..
...# #.#...)..[..#..........#..
...# #.#.)########..........###
...# #.#..#....................
#..# #.#'######.####...........
#..#####....##..###..##..........
#...........#....'..).#.##''###..
#...........#(.)@((.).#.#.....#..
#.......######(.###D2##.#.....###
#.......#....#''# #''#..#........
#.......#...##..###2.##.#####....
#.......#...#....#./(.#.....#....
#.......'...#....#.%!.#####.#....
..#####.#...##..###..## #.#...#
..+,,,#.#....#''#.#### #.##+##
*,*,,,+.#.........# #......


You could see an iron dragon and a friendly balrug.

Vanquished Creatures
  Josephine (D:12)
  2 two-headed ogres
  The ghost of pyroka the Thaumaturge, a novice GnWz (D:6)
  2 unseen horrors
  2 ugly things (D:12)
  A centaur zombie (D:12)
  A centaur skeleton (D:12)
  3 trolls
  5 slime creatures (D:12)
  A hippogriff (D:11)
  A spriggan (D:9)
  5 wraiths (D:12)
  Sigmund (D:3)
  12 yaks
  A wyvern (D:11)
  3 hungry ghosts
  2 vampire mosquitoes (D:8)
  Menkaure (D:5)
  2 water moccasins
  Duvessa (D:4)
  A hornet zombie (D:12)
  9 orc warriors
  3 ice beasts
  A black bear (D:8)
  A necrophage (D:6)
  5 ogres
  A crocodile (D:11)
  18 centaurs
  3 big kobolds
  7 bullfrogs
  A gnoll sergeant (D:7)
  Dowan (D:4)
  5 scorpions
  3 wights (D:12)
  25 killer bees
  5 howler monkeys
  10 crimson imps
  2 bullfrog zombies
  4 jellies
  12 orc priests
  2 bullfrog skeletons (D:9)
  6 hounds
  Crazy Yiuf (D:3)
  Ijyb (D:4)
  3 iguanas
  Natasha (D:3)
  17 orc wizards
  Terence (D:3)
  9 worker ants
  A howler monkey zombie (D:10)
  A worker ant zombie (D:6)
  6 gnolls
  5 adders
  5 shadow imps
  2 oozes
  2 adder skeletons
  2 adder zombies (D:7)
  4 worms
  2 dart slugs
  5 leopard geckos
  44 orcs
  2 giant cockroaches
  5 goblins
  7 hobgoblins
  12 jackals
  12 kobolds
  3 quokkas
  2 ball pythons
  11 bats
  A frilled lizard (D:3)
  A jackal zombie (D:7)
  A quokka skeleton (D:7)
  2 quokka zombies
  3 rats (D:1)
  A plant (D:3)
348 creatures vanquished.

Vanquished Creatures (collateral kills)
  The ghost of Gorice the Martial Artist, a novice DsWn of Okawaru (D:8)
  A vampire mosquito (D:8)
2 creatures vanquished.

Grand Total: 350 creatures vanquished

Notes
Turn   | Place    | Note
-------+----------+-------------------------------------------
     0 | D:1      | KillYourself the Minotaur Fighter began the quest for the Orb.
     0 | D:1      | Reached XP level 1. HP: 19/19 MP: 0/0
   153 | D:1      | Reached XP level 2. HP: 27/27 MP: 1/1
   408 | D:1      | Reached skill level 3 in Axes
   595 | D:1      | Gained mutation: You are covered in fur. (AC +1) [potion of mutation]
   595 | D:1      | Gained mutation: You expend magic power (3 MP) to strengthen your wands. [potion of mutation]
   596 | D:1      | Lost mutation: You expend magic power (3 MP) to strengthen your wands. [potion of mutation]
   596 | D:1      | Gained mutation: Your movements are slightly less encumbered by armour. (ER -2) [potion of mutation]
   596 | D:1      | Gained mutation: Your spells are a little easier to cast, but a little less powerful. [potion of mutation]
   596 | D:1      | Gained mutation: You have a pair of large horns on your head. [potion of mutation]
   688 | D:2      | Reached XP level 3. HP: 33/33 MP: 2/2
   954 | D:2      | Found a sparkling altar of Nemelex Xobeh.
  1044 | D:2      | Reached XP level 4. HP: 40/40 MP: 3/3
  1096 | D:2      | Found a burning altar of Makhleb.
  1102 | D:2      | Reached skill level 4 in Axes
  1109 | D:2      | Became a worshipper of Makhleb the Destroyer
  1425 | D:3      | Noticed Sigmund
  1429 | D:3      | Noticed Terence
  1463 | D:3      | Killed Sigmund
  1463 | D:3      | Reached skill level 5 in Axes
  1463 | D:3      | Reached XP level 5. HP: 34/47 MP: 4/4
  1466 | D:3      | Killed Terence
  1466 | D:3      | Reached XP level 6. HP: 37/53 MP: 5/5
  1699 | D:3      | Noticed an orc warrior
  1721 | D:3      | Killed an orc warrior
  1721 | D:3      | Reached skill level 6 in Axes
  1721 | D:3      | Reached skill level 5 in Armour
  2076 | D:3      | Found a bloodstained altar of Trog.
  2076 | D:3      | Noticed Natasha
  2080 | D:3      | Killed Natasha
  2130 | D:3      | Reached * piety under Makhleb
  2340 | D:3      | Found a runed door.
  2344 | D:3      | Noticed Crazy Yiuf
  2346 | D:3      | Killed Crazy Yiuf
  2346 | D:3      | Reached XP level 7. HP: 60/60 MP: 6/6
  2634 | D:4      | Found Kullem's Magic Scroll Emporium.
  2648 | D:4      | Bought a scroll of brand weapon for 220 gold pieces
  2653 | D:4      | Noticed Dowan
  2654 | D:4      | Noticed Duvessa
  2663 | D:4      | Killed Duvessa
  2663 | D:4      | Reached skill level 7 in Axes
  2663 | D:4      | Reached skill level 5 in Shields
  2675 | D:4      | Killed Dowan
  2675 | D:4      | Reached skill level 5 in Fighting
  2825 | D:4      | Noticed Ijyb
  2831 | D:4      | Killed Ijyb
  3046 | D:5      | Entered Level 5 of the Dungeon
  3076 | D:5      | Reached skill level 8 in Axes
  3083 | D:5      | Noticed Menkaure
  3090 | D:5      | Killed Menkaure
  3120 | D:5      | Found a shadowy altar of Dithmenos.
  3322 | D:5      | Found a burning altar of Makhleb.
  3435 | D:5      | Reached XP level 8. HP: 59/68 MP: 7/7
  3440 | D:5      | Reached skill level 9 in Axes
  4069 | D:5      | Reached skill level 10 in Axes
  4177 | D:6      | Reached ** piety under Makhleb
  4633 | D:6      | Noticed pyroka's ghost (novice GnWz)
  4647 | D:6      | Found a hide-covered altar of Uskayaw.
  4664 | D:6      | Killed pyroka's ghost
  4664 | D:6      | Reached skill level 11 in Axes
  4664 | D:6      | Reached skill level 1 in Invocations
  4664 | D:6      | Reached XP level 9. HP: 69/75 MP: 8/8
  4691 | D:6      | Reached skill level 12 in Axes
  4924 | D:7      | Found a staircase to the Ecumenical Temple.
  5027 | D:7      | Reached *** piety under Makhleb
  5034 | D:7      | Reached skill level 13 in Axes
  5091 | D:7      | Found a white marble altar of Elyvilon.
  5112 | D:7      | Found a shattered altar of Ashenzari.
  5168 | D:7      | Reached XP level 10. HP: 84/84 MP: 10/10
  5280 | D:7      | Reached **** piety under Makhleb
  5605 | Temple   | Entered the Ecumenical Temple
  5856 | D:8      | Found a sparkling altar of Nemelex Xobeh.
  5978 | D:8      | Found an ancient bone altar of Kikubaaqudgha.
  6052 | D:8      | Noticed a two-headed ogre
  6061 | D:8      | Killed a two-headed ogre
  6061 | D:8      | Reached skill level 1 in Unarmed Combat
  6095 | D:8      | Noticed Gorice's ghost (novice DsWn)
  6100 | D:8      | Reached skill level 14 in Axes
  6124 | D:8      | Killed Gorice's ghost
  6268 | D:8      | Found a glowing golden altar of the Shining One.
  6628 | D:9      | Found an iron altar of Okawaru.
  6775 | D:9      | Found Zopsynuu's Assorted Antiques.
  6783 | D:9      | Bought a pair of embroidered gloves for 135 gold pieces
  6783 | D:9      | Bought a bubbling cyan potion for 16 gold pieces
  6783 | D:9      | Bought a scroll labeled XOIZUKEIGA for 18 gold pieces
  7267 | D:9      | Reached ***** piety under Makhleb
  7457 | D:9      | Found a stormy altar of Qazlal.
  7566 | D:10     | Entered Level 10 of the Dungeon
  7679 | D:10     | Reached skill level 15 in Axes
  7783 | D:10     | Reached XP level 11. HP: 85/94 MP: 11/11
  8150 | D:10     | Found a glowing golden altar of the Shining One.
  8759 | D:11     | Found a staircase to the Lair.
  8924 | D:11     | Reached skill level 16 in Axes
  8951 | D:11     | Killed an unseen horror
  9097 | D:11     | Reached ****** piety under Makhleb
  9482 | D:12     | Noticed a red ugly thing
  9492 | D:12     | Killed a red ugly thing
  9501 | D:12     | Noticed a brown ugly thing
  9511 | D:12     | Killed a brown ugly thing
  9516 | D:12     | Lost mutation: Your spells are a little easier to cast, but a little less powerful. [potion of mutation]
  9516 | D:12     | Lost mutation: You have a pair of large horns on your head. [potion of mutation]
  9516 | D:12     | Gained mutation: You have a pair of large horns on your head. [potion of mutation]
  9516 | D:12     | Gained mutation: Your flesh is heat resistant. (rF+) [potion of mutation]
  9516 | D:12     | Gained mutation: Your spells are a little harder to cast, but a little more powerful. [potion of mutation]
  9706 | D:12     | Noticed Josephine
  9717 | D:12     | Killed Josephine
  9717 | D:12     | Reached XP level 12. HP: 104/104 MP: 12/12
  9735 | D:12     | Reached skill level 17 in Axes
  9831 | D:12     | Noticed a two-headed ogre
  9839 | D:12     | Killed a two-headed ogre
  9839 | D:12     | Reached skill level 10 in Shields
  9857 | D:12     | Found a staircase to the Orcish Mines.
 10044 | D:12     | Noticed an iron dragon
 10067 | D:12     | Reached skill level 10 in Fighting
 10084 | D:12     | Killed from afar by an iron dragon

Vault maps used:
D:1:      elethiomel_arrival_quiet
D:2:      makhleb_grotto_becter, nemelex_diamond_rough_becter
D:3:      overflow_temple_1_default, first_ration, serial_bayou,
          serial_bayou_shore_b, serial_bayou_ford_a, serial_bayou_shore_a,
          serial_bayou_shore_b, uniq_crazy_yiuf_cottage, uniq_natasha,
          uniq_sigmund, uniq_terence
D:4:      serial_shops, nicolae_shop_waterfront, uniq_duvessa, uniq_ijyb
D:5:      kennysheep_six_static_rooms, lemuel_coloured_pillars_altar,
          roderic_serpentine_path, bloody_makhleb, uniq_menkaure
D:6:      eat_drink_and_be_merry_uskayaw
D:7:      grunt_temple_overflow_open, minmay_temple_entry_enclosed_plants
D:8:      old_standard_altar, overflow_temple_1_default,
          nicolae_tso_carved_into_rock
D:9:      kennysheep_mini_moat, serial_shops, shop, the_bakery,
          okawaru_ov_weapons_minmay
D:10:     lemuel_statue_altar
D:11:     lair_entry_dummy
D:12:     orc_0_dummy, kennysheep_four_rooms, uniq_josephine
Temple:   dshaligram_water_room_temple

Skill      XL: |  1  2  3  4  5  6  7  8  9 10 11 12 |
---------------+-------------------------------------+-----
Fighting       | 4 5 6 7 9 10 | 10.0
Axes           | 3 5 6 8 11 13 15 16 17 | 17.3
Armour         | 4 5 6 7 8 9 |  9.2
Shields        | 4 5 6 7 9 10 | 10.3
Invocations    | 1 |  1.4
Unarmed Combat | 1 |  1.6
Dodging        | |  0.9
Stealth        | |  0.3

Action                   |  1- 3 |  4- 6 |  7- 9 | 10-12 || total
-------------------------+-------+-------+-------+-------++-------
Melee: War axe           |    63 |    78 |   256 |   521 ||   918
       Headbutt          |    11 |    14 |    49 |   132 ||   206
       Quarterstaff      |       |       |    26 |       ||    26
       Unarmed           |       |       |       |    42 ||    42
Invok: Minor Destruction |       |       |     3 |       ||     3
       Lesser Servant of |       |       |       |     1 ||     1
       Greater Servant o |       |       |       |     1 ||     1
  Use: Potion            |     4 |     3 |     4 |     3 ||    14
       Scroll            |     1 |     4 |     5 |     8 ||    18
  Eat: Chunk             |       |     5 |    10 |    17 ||    32
       Ration            |       |       |     1 |       ||     1
Armor: Scale mail        |    14 |       |       |       ||    14
       Plate armour      |    40 |    45 |   129 |   223 ||   437
Dodge: Dodged            |    18 |    20 |    37 |   106 ||   181
       Deflected         |       |       |     3 |    11 ||    14
Block: Shield            |    31 |    32 |   114 |   274 ||   451

Table legend:
 A = Spawn XP
 B = Non-spawn XP
 C = Spawn XP percentage of total XP
 D = Spawn monster count
 E = Non-spawn monster count
 F = Spawn count percentage of total count
 G = Total turns spent on level
                    A         B        C        D         E        F      G
               +---------+---------+-------+---------+---------+-------+---------
         Total |       0 |   27167 |   0.0 |       0 |     349 |   0.0 | 10084
               +---------+---------+-------+---------+---------+-------+---------
           D:1 |       0 |      35 |   0.0 |       0 |      18 |   0.0 |   676
           D:2 |       0 |     113 |   0.0 |       0 |      15 |   0.0 |   683
           D:3 |       0 |     588 |   0.0 |       0 |      26 |   0.0 |  1218
           D:4 |       0 |     397 |   0.0 |       0 |      11 |   0.0 |   469
           D:5 |       0 |     948 |   0.0 |       0 |      28 |   0.0 |  1122
           D:6 |       0 |    2475 |   0.0 |       0 |      26 |   0.0 |   717
           D:7 |       0 |    1431 |   0.0 |       0 |      43 |   0.0 |   817
           D:8 |       0 |    2999 |   0.0 |       0 |      20 |   0.0 |   727
           D:9 |       0 |    1501 |   0.0 |       0 |      25 |   0.0 |   994
          D:10 |       0 |    1907 |   0.0 |       0 |      27 |   0.0 |   989
          D:11 |       0 |    5579 |   0.0 |       0 |      61 |   0.0 |   833
          D:12 |       0 |    9194 |   0.0 |       0 |      49 |   0.0 |   696
               +---------+---------+-------+---------+---------+-------+---------
